[Event "Team 45 45 League T91"]
[Site "Internet Chess Club"]
[Date "2022.01.28"]
[Round "3"]
[White "gduranko"]
[Black "kabindra"]
[Result "0-1"]
[WhiteElo "1462"]
[BlackElo "1725"]
[Opening "Ruy Lopez: Schliemann defense"]
[ECO "C63"]
[Time "18:00:36"]
[PlyCount "56"]
[TimeControl "2700+45"]

1. e4 e5 2. Nf3 Nc6 3. Bb5 f5 4. d3 fxe4 5. dxe4 Nf6 6. Bxc6 bxc6 7. O-O Bc5 8.
Nxe5 O-O 9. Bg5 Ba6 10. Nd3 Be7 11. Nd2 Nxe4 12. Bxe7 Qxe7 13. Re1 d5 14. f3
Bxd3 15. Nxe4 Bxe4 16. fxe4 Qc5+ 17. Kh1 dxe4 18. Rxe4 Rad8 19. Qe2 Rf2 20. Re8+
Rxe8 21. Qxe8+ Qf8 22. Qe6+ Kh8 23. Qc4 Qf5 24. Rd1 h6 25. Rc1 Qg6 26. g3 Qh5
27. Qh4 Qd5+ 28. Kg1 Qg2# {White checkmated} 0-1

[Event "Team 45 45 League T91"]
[Site "Internet Chess Club"]
[Date "2022.01.30"]
[Round "3"]
[White "julesraider"]
[Black "chesskix"]
[Result "0-1"]
[WhiteElo "1501"]
[BlackElo "1422"]
[Opening "QGD: Marshall defense"]
[ECO "D06"]
[Time "15:00:31"]
[PlyCount "122"]
[TimeControl "2700+45"]

1. d4 d5 2. c4 Nf6 3. Nc3 Bf5 4. Nf3 e6 5. Bg5 Be7 6. Qb3 b6 7. e3 O-O 8. Be2
Nbd7 9. O-O c5 10. cxd5 exd5 11. Rac1 c4 12. Qd1 Be6 13. b3 a6 14. Qc2 Rc8 15.
bxc4 dxc4 16. Qa4 Ra8 17. Ne5 b5 18. Qc2 Nxe5 19. dxe5 Nd7 20. Bxe7 Qxe7 21. f4
f5 22. exf6 Nxf6 23. e4 Rad8 24. f5 Bf7 25. Kh1 Rd4 26. Bf3 Rfd8 27. Rcd1 Rxd1
28. Nxd1 Qc5 29. Qb2 Rd4 30. Re1 Bh5 31. a3 Qe5 32. a4 Ng4 33. Bxg4 Bxg4 34. Ne3
Rxe4 35. Qxe5 Rxe5 36. h3 Bxf5 37. axb5 axb5 38. g4 Bd3 39. Kg2 Re4 40. Kf2 b4
41. Ra1 b3 42. Ra8+ Kf7 43. Kf3 b2 44. Ra7+ Re7 45. Rxe7+ Kxe7 46. Nd5+ Kd6 47.
Nc3 Ke5 48. h4 b1=Q 49. Nxb1 Bxb1 50. Ke3 Bd3 51. h5 h6 52. Kf3 Kd4 53. Kf4 c3
54. g5 hxg5+ 55. Kxg5 c2 56. h6 gxh6+ 57. Kxh6 c1=Q+ 58. Kg7 Qc6 59. Kf7 Ke5 60.
Ke7 Qd6+ 61. Ke8 Bg6# {White checkmated} 0-1

[Event "Team 45 45 League T91"]
[Site "Internet Chess Club"]
[Date "2022.01.31"]
[Round "3"]
[White "blind-warrior"]
[Black "rgadoury"]
[Result "1-0"]
[WhiteElo "1406"]
[BlackElo "1161"]
[Opening "Queen's pawn game"]
[ECO "D02"]
[Time "13:00:33"]
[PlyCount "45"]
[TimeControl "2700+45"]

1. d4 d5 2. Nf3 c6 3. Bf4 h6 4. h3 Bf5 5. Nbd2 e6 6. e3 Nf6 7. Bd3 Bxd3 8. cxd3
Bd6 9. Ne5 O-O 10. O-O Na6 11. a3 c5 12. Ndf3 cxd4 13. exd4 Nc7 14. b4 Nb5 15.
a4 Nc3 16. Qe1 Bxb4 17. Bd2 Rc8 18. Rc1 a5 19. Bxc3 Bxc3 20. Rxc3 Rxc3 21. Qxc3
Nd7 22. Nxd7 Qxd7 23. Qxa5 {Black resigns} 1-0

[Event "Team 45 45 League T91"]
[Site "Internet Chess Club"]
[Date "2022.01.29"]
[Round "3"]
[White "oldbookseller"]
[Black "tamky70"]
[Result "0-1"]
[WhiteElo "859"]
[BlackElo "1276"]
[Opening "King's Indian: East Indian defense"]
[ECO "A48"]
[Time "14:01:09"]
[PlyCount "96"]
[TimeControl "2700+45"]

1. d4 Nf6 2. Nf3 g6 3. e3 Bg7 4. Bd3 d5 5. b3 O-O 6. Bb2 Nbd7 7. O-O Re8 8. Nbd2
c5 9. c4 b6 10. Re1 e6 11. e4 dxe4 12. Nxe4 Nxe4 13. Bxe4 Rb8 14. Qd3 Bb7 15.
Ng5 Nf6 16. Qf3 Bxe4 17. Nxe4 Nxe4 18. Qxe4 Qc7 19. g3 Rbd8 20. Rad1 cxd4 21.
Rd3 f5 22. Qh4 Qe7 23. Qh3 Qb7 24. Red1 e5 25. f4 e4 26. g4 exd3 27. Rxd3 Re1+
28. Kf2 Qe4 29. Ba3 Re2+ 30. Kg1 Re1+ 31. Kf2 Qe2+ 32. Kg3 Qxd3+ 33. Kh4 Qxh3+
34. Kxh3 fxg4+ 35. Kxg4 d3 36. Bb4 Re2 37. h4 d2 38. Bxd2 Rexd2 39. h5 Rg2+ 40.
Kh3 Rxa2 41. hxg6 hxg6 42. b4 Bf6 43. Kg4 Rg2+ 44. Kf3 Rdd2 45. f5 Rdf2+ 46. Ke4
Rxf5 47. c5 bxc5 48. b5 Rg4+ {White resigns} 0-1

[Event "Team 45 45 League T91"]
[Site "Internet Chess Club"]
[Date "2022.01.28"]
[Round "3"]
[White "DaveTheRook"]
[Black "WillC"]
[Result "1/2-1/2"]
[WhiteElo "1397"]
[BlackElo "1468"]
[Opening "Réti opening"]
[ECO "A05"]
[Time "16:05:12"]
[PlyCount "92"]
[TimeControl "2700+45"]

1. Nf3 Nf6 2. g3 d5 3. Bg2 Bf5 4. O-O e6 5. d3 h6 6. b3 Bd6 7. Ba3 c5 8. c4 O-O
9. Re1 Nc6 10. Bb2 d4 11. Nbd2 Qd7 12. h3 e5 13. e4 Bxh3 14. Qe2 Bg4 15. Qf1 Be6
16. Nh4 Ng4 17. a3 Be7 18. Ndf3 Qd8 19. Bc1 f5 20. Ng6 Rf6 21. Nxe7+ Qxe7 22.
exf5 Bxf5 23. Ra2 Qd7 24. Nd2 Raf8 25. Ne4 Bxe4 26. Bxe4 Kh8 27. f3 Ne3 28. Bxe3
dxe3 29. Rxe3 Nd4 30. Rf2 b6 31. b4 Qa4 32. b5 Qxa3 33. Re1 a5 34. Ra1 Qc3 35.
Rc1 Qa3 36. Ra1 Qxa1 37. Qxa1 Nxf3+ 38. Rxf3 Rxf3 39. Bxf3 Rxf3 40. Qxe5 Rf6 41.
Kg2 Kh7 42. Qe4+ Kg8 43. Qe8+ Kh7 44. Qe4+ Kg8 45. Qe8+ Kh7 46. Qe4+ Kg8 {Game
drawn by repetition} 1/2-1/2

[Event "Team 45 45 League T91"]
[Site "Internet Chess Club"]
[Date "2022.01.28"]
[Round "3"]
[White "Visin"]
[Black "smsxman"]
[Result "1/2-1/2"]
[WhiteElo "1316"]
[BlackElo "1435"]
[Opening "Scandinavian (center counter) defense"]
[ECO "B01"]
[Time "12:00:19"]
[PlyCount "135"]
[TimeControl "2700+45"]

1. e4 d5 2. exd5 Qxd5 3. Nc3 Qd8 4. d3 e6 5. Nf3 g6 6. Be2 Bg7 7. Bd2 Nf6 8. Rb1
Nbd7 9. O-O O-O 10. Qc1 b6 11. Bh6 Bb7 12. h3 Rb8 13. Bxg7 Kxg7 14. Nh2 Nd5 15.
Nxd5 Bxd5 16. a3 f5 17. Bf3 Nf6 18. Re1 Re8 19. Bxd5 Qxd5 20. Qe3 c5 21. Qe5
Qxe5 22. Rxe5 Rbd8 23. Rbe1 Kf7 24. Nf3 h6 25. Nd2 Rd5 26. R5e2 b5 27. f3 Nh5
28. Kh2 g5 29. g4 Nf4 30. Re5 fxg4 31. fxg4 Re7 32. Rxd5 exd5 33. Rxe7+ Kxe7 34.
Nb3 Kd6 35. Kg3 c4 36. dxc4 dxc4 37. Nd2 Kd5 38. c3 a6 39. Kf3 Nxh3 40. b3 Nf4
41. bxc4+ bxc4 42. Ne4 a5 43. Nf6+ Ke6 44. Ng8 h5 45. gxh5 Nxh5 46. Nh6 Kf6 47.
Ng4+ Ke6 48. Ne3 Nf6 49. Nxc4 Nd5 50. Nxa5 Nxc3 51. Kg4 Kf6 52. Nc4 Na4 53. Nd2
Nc5 54. Nf3 Ne4 55. a4 Nc5 56. a5 Ke6 57. Kxg5 Kd7 58. Nd4 Kc8 59. Kf5 Kb7 60.
Ke5 Ka6 61. Kd5 Nb3 62. Nxb3 Kb5 63. Kd6 Ka6 64. Kc6 Ka7 65. Nc5 Ka8 66. Kb6 Kb8
67. a6 Ka8 68. a7 {Black stalemated} 1/2-1/2

[Event "Team 45 45 League T91"]
[Site "Internet Chess Club"]
[Date "2022.01.29"]
[Round "3"]
[White "xingon"]
[Black "Pawnchain"]
[Result "1-0"]
[WhiteElo "1393"]
[BlackElo "1359"]
[Opening "Queen's bishop game"]
[ECO "A45"]
[Time "10:03:13"]
[PlyCount "97"]
[TimeControl "2700+45"]

1. d4 Nf6 2. Bf4 d5 3. Nf3 c5 4. c3 Nc6 5. e3 Qb6 6. Qb3 Bf5 7. Nbd2 c4 8. Qxb6
axb6 9. Be2 b5 10. O-O e6 11. Ne5 Nxe5 12. Bxe5 Nd7 13. Bg3 b4 14. Nf3 bxc3 15.
bxc3 Ba3 16. Ne5 Nxe5 17. Bxe5 O-O 18. g4 Bg6 19. h4 h6 20. h5 Bh7 21. f4 Bb2
22. g5 hxg5 23. fxg5 Bxa1 24. Rxa1 b5 25. Bd6 Rfd8 26. Bb4 Rd7 27. Bc5 e5 28.
Bg4 Rb7 29. g6 fxg6 30. Be6+ Kh8 31. Bxd5 exd4 32. Bxb7 dxe3 33. Bxa8 gxh5 34.
Bxe3 g5 35. Bxg5 h4 36. Bxh4 b4 37. cxb4 c3 38. Bf6+ Kg8 39. Bxc3 Bb1 40. Rxb1
Kf7 41. Bd5+ Kg6 42. b5 Kh5 43. b6 Kg4 44. b7 Kf4 45. b8=Q+ Ke3 46. Qe5+ Kd3 47.
Qd4+ Kc2 48. Rb2+ Kc1 49. Qd2# {Black checkmated} 1-0

[Event "Team 45 45 League T91"]
[Site "Internet Chess Club"]
[Date "2022.01.29"]
[Round "3"]
[White "grekor"]
[Black "burlap"]
[Result "0-1"]
[WhiteElo "1089"]
[BlackElo "1172"]
[Opening "Queen's pawn game"]
[ECO "D00"]
[Time "15:00:22"]
[PlyCount "85"]
[TimeControl "2700+45"]

1. d4 Nf6 2. Nc3 d5 3. Bf4 c6 4. e3 Bf5 5. f3 e6 6. g4 Bg6 7. h4 h5 8. Bd3 Bxd3
9. Qxd3 hxg4 10. Bg5 Bb4 11. fxg4 Nbd7 12. Nf3 Qc7 13. Bf4 Qa5 14. Ne5 Bxc3+ 15.
Qxc3 Qxc3+ 16. bxc3 Nxe5 17. Bxe5 Nxg4 18. Bf4 O-O-O 19. Ke2 Nf6 20. Rag1 Rdg8
21. Be5 Ne8 22. Kd3 f6 23. Bf4 Kd7 24. Rb1 b6 25. Bb8 Nd6 26. Bxa7 Ne4 27. Rh2
b5 28. Bc5 g5 29. Rg1 Nxc5+ 30. dxc5 g4 31. Rg3 e5 32. e4 dxe4+ 33. Kxe4 Ke6 34.
Rd3 g3 35. Rd6+ Ke7 36. Rhd2 Rxh4+ 37. Ke3 g2 38. Rd7+ Ke6 39. R7d6+ Kf5 40.
Rf2+ Rf4 41. Rd1 g1=Q 42. Rxg1 Rxg1 43. Rxf4+ {White resigns} 0-1

[Event "Team 45 45 League T91"]
[Site "Internet Chess Club"]
[Date "2022.01.28"]
[Round "3"]
[White "Grenadier"]
[Black "liujf"]
[Result "0-1"]
[WhiteElo "1488"]
[BlackElo "1596"]
[Opening "Bishop's opening"]
[ECO "C23"]
[Time "10:02:57"]
[PlyCount "100"]
[TimeControl "2700+45"]

1. e4 e5 2. Bc4 Nc6 3. d3 Bc5 4. Nc3 Nf6 5. Bg5 d6 6. Nd5 Bxf2+ 7. Kf1 Bc5 8.
Nf3 h6 9. Bh4 g5 10. Bf2 Bxf2 11. Kxf2 Ng4+ 12. Ke1 f5 13. h3 Nf6 14. exf5 Nxd5
15. Bxd5 Bxf5 16. Nd2 Qd7 17. Qh5+ Kd8 18. Rf1 Nd4 19. Kd1 c6 20. Be4 Kc7 21. c3
d5 22. cxd4 dxe4 23. dxe4 Be6 24. d5 Rad8 25. Rc1 Kb8 26. Qe2 cxd5 27. Rf2 dxe4
28. Qxe4 Qd4 29. Qxd4 Rxd4 30. b3 Rhd8 31. Ke1 e4 32. Re2 Bf5 33. Nc4 g4 34. Ne3
Bd7 35. hxg4 Bb5 36. Rf2 Rd3 37. Nf5 e3 38. Re2 Rd2 39. Rxe3 Rxg2 40. Rec3 Re8+
41. Ne3 Re2+ 42. Kd1 Rd8+ 43. Rd3 Rxd3+ 44. Kxe2 Rc3+ 45. Kd2 Rd3+ 46. Ke2 Rxb3+
47. Kd2 Rd3+ 48. Ke2 Ra3+ 49. Kf3 Rxa2 50. Rh1 Bc6+ {White resigns} 0-1

[Event "Team 45 45 League T91"]
[Site "Internet Chess Club"]
[Date "2022.01.30"]
[Round "3"]
[White "blind-warrior"]
[Black "GoIrish"]
[Result "1-0"]
[WhiteElo "1399"]
[BlackElo "1513"]
[Opening "King's Indian: London system"]
[ECO "A48"]
[Time "14:01:53"]
[PlyCount "133"]
[TimeControl "2700+45"]

1. d4 Nf6 2. Nf3 g6 3. Bf4 Bg7 4. c3 O-O 5. Nbd2 d6 6. e4 Nbd7 7. e5 dxe5 8.
dxe5 Nh5 9. Bg3 Nxg3 10. hxg3 Nxe5 11. Nxe5 Bxe5 12. f4 Bg7 13. Qb3 b6 14. O-O-O
Qe8 15. Nf3 Be6 16. Bc4 Bxc4 17. Qxc4 c5 18. Ng5 h6 19. Nf3 Qc6 20. Rhe1 e6 21.
Ne5 Bxe5 22. Rxe5 Qxg2 23. Re3 Rad8 24. Red3 Rxd3 25. Qxd3 Qc6 26. Qe2 Qc7 27.
Rh1 Kg7 28. Qh2 h5 29. g4 Rh8 30. Qg3 Qb8 31. gxh5 Qa8 32. Rh4 Qd5 33. hxg6 Rxh4
34. Qxh4 Kxg6 35. Qg4+ Kf6 36. Qh4+ Kg7 37. b3 Qf5 38. Kb2 Qf6 39. Qg3+ Qg6 40.
Qf3 Qg1 41. Qe2 Qg3 42. Qd2 Qg4 43. Qe3 Qg2+ 44. Ka3 Qd5 45. c4 Qd4 46. Qg3+ Kf8
47. Qh4 Ke8 48. Qg5 a5 49. Qg8+ Ke7 50. Qg5+ Qf6 51. Qg3 Qg6 52. Qf3 Qc2 53.
Qb7+ Kf6 54. Qxb6 Qc1+ 55. Ka4 Qd2 56. Qxc5 Qxa2+ 57. Kb5 Qxb3+ 58. Kxa5 Qc3+
59. Kb6 Qb2+ 60. Kc7 Qc1 61. Qe5+ Ke7 62. c5 Qd2 63. Qd6+ Qxd6+ 64. cxd6+ Kf6
65. d7 e5 66. fxe5+ Ke6 67. d8=Q {Black resigns} 1-0

[Event "Team 45 45 League T91"]
[Site "Internet Chess Club"]
[Date "2022.01.29"]
[Round "3"]
[White "Redman1"]
[Black "QuieroAprender"]
[Result "1-0"]
[WhiteElo "1543"]
[BlackElo "1610"]
[Opening "English opening"]
[ECO "A05"]
[Time "11:06:48"]
[PlyCount "45"]
[TimeControl "2700+45"]

1. Nf3 Nf6 2. c4 d6 3. Nc3 c6 4. g3 e5 5. Bg2 Be7 6. O-O Be6 7. d3 h6 8. Rb1 Qd7
9. b4 Bh3 10. b5 Bxg2 11. Kxg2 h5 12. Bg5 Qf5 13. bxc6 bxc6 14. Qb3 Qc8 15. Rfc1
Nbd7 16. Qc2 Nf8 17. c5 dxc5 18. Nxe5 Qe6 19. f4 Nd5 20. Nxd5 cxd5 21. Bxe7 Qxe7
22. Qxc5 f6 23. Qc6+ {Black resigns} 1-0

[Event "Team 45 45 League T91"]
[Site "Internet Chess Club"]
[Date "2022.01.27"]
[Round "3"]
[White "mongmong"]
[Black "Constrictor"]
[Result "1-0"]
[WhiteElo "1575"]
[BlackElo "1480"]
[Opening "Dutch defense"]
[ECO "A81"]
[Time "20:05:38"]
[PlyCount "97"]
[TimeControl "2700+45"]

1. d4 f5 2. g3 Nf6 3. Bg2 e6 4. Nf3 Be7 5. O-O O-O 6. Nbd2 d6 7. Re1 Nc6 8. e4
fxe4 9. Nxe4 Nxe4 10. Rxe4 Bf6 11. c3 e5 12. dxe5 Nxe5 13. Nxe5 Bxe5 14. Re1 Rb8
15. Be3 b6 16. Bd4 Bxd4 17. Qxd4 Qf6 18. Qxf6 Rxf6 19. Re8+ Rf8 20. Rae1 Bb7 21.
R8e7 Bxg2 22. Kxg2 Rbc8 23. Rd7 Rf7 24. Ree7 Rxe7 25. Rxe7 b5 26. a3 a5 27. f4
c5 28. Rb7 b4 29. axb4 cxb4 30. Ra7 bxc3 31. bxc3 Rxc3 32. Rxa5 Rc2+ 33. Kh3 Rc8
34. Rd5 Rd8 35. Kg4 Kf7 36. f5 Kf6 37. Kf4 h6 38. g4 Rd7 39. h4 Rd8 40. g5+
hxg5+ 41. hxg5+ Kf7 42. Ke4 Ke7 43. Kd4 Ra8 44. Rb5 Ra4+ 45. Kd5 Rg4 46. Rb7+
Kf8 47. g6 Rf4 48. Ke6 d5 49. Rb8# {Black checkmated} 1-0

[Event "Team 45 45 League T91"]
[Site "Internet Chess Club"]
[Date "2022.01.29"]
[Round "3"]
[White "Chess4Him"]
[Black "julesraider"]
[Result "0-1"]
[WhiteElo "1449"]
[BlackElo "1522"]
[Opening "Queen's bishop game"]
[ECO "D02"]
[Time "11:00:37"]
[PlyCount "96"]
[TimeControl "2700+45"]

1. d4 Nf6 2. Nf3 d5 3. Bf4 c5 4. e3 Bf5 5. Bxb8 Rxb8 6. Bb5+ Bd7 7. Bxd7+ Nxd7
8. dxc5 Qa5+ 9. Nc3 e6 10. Nd4 Bxc5 11. Nb3 Qb4 12. Nxc5 Nxc5 13. Rb1 O-O 14.
O-O Rbc8 15. a3 Qh4 16. Nb5 a6 17. Nd4 Rfd8 18. Nf3 Qh5 19. Qd4 Ne4 20. Rfc1 f6
21. Qb6 Qf7 22. Nd4 Rd6 23. Qb4 Qd7 24. Nb3 Rdc6 25. Nd4 Rc4 26. Qb6 Nd6 27. c3
e5 28. Nb3 R8c6 29. Qa5 b5 30. Nc5 R4xc5 31. a4 Nc4 32. Qb4 a5 33. Qb3 Nd2 34.
Qa2 Nxb1 35. Rxb1 b4 36. Rd1 bxc3 37. bxc3 Kf8 38. Qa3 Ke8 39. Rc1 Rc4 40. h3
R6c5 41. Rb1 Rxc3 42. Rb8+ Kf7 43. Qb2 Rc1+ 44. Kh2 e4 45. Rb7 Rc7 46. Qxc1 Rxb7
47. Qc5 Qc7+ 48. Qxc7+ Rxc7 {White resigns} 0-1

[Event "Team 45 45 League T91"]
[Site "Internet Chess Club"]
[Date "2022.01.30"]
[Round "3"]
[White "Toalla"]
[Black "BrerRabbit"]
[Result "0-1"]
[WhiteElo "1122"]
[BlackElo "1395"]
[Opening "QGD Slav defense"]
[ECO "D10"]
[Time "15:01:02"]
[PlyCount "44"]
[TimeControl "2700+45"]

1. d4 d5 2. c4 c6 3. Bf4 Nf6 4. Nd2 Qb6 5. cxd5 Nxd5 6. Bxb8 Rxb8 7. e4 Nf6 8.
Nc4 Qd8 9. e5 Nd5 10. Nf3 Bf5 11. Bd3 Bxd3 12. Qxd3 e6 13. O-O Be7 14. a3 O-O
15. Qd2 h6 16. Rac1 Qc7 17. Kh1 Qd7 18. g3 Qd8 19. Rc2 Nc7 20. Na5 Qd5 21. Kg2
Rfd8 22. Nb3 Qxb3 {White resigns} 0-1

[Event "Team 45 45 League T91"]
[Site "Internet Chess Club"]
[Date "2022.01.29"]
[Round "3"]
[White "Denis240964"]
[Black "Gojira"]
[Result "0-1"]
[WhiteElo "1396"]
[BlackElo "1576"]
[Opening "Sicilian: closed"]
[ECO "B23"]
[Time "08:02:57"]
[PlyCount "74"]
[TimeControl "2700+45"]

1. e4 c5 2. Nc3 g6 3. d3 Nc6 4. f4 Bg7 5. Nf3 d6 6. Be3 e6 7. Be2 Nd4 8. O-O Ne7
9. Bf2 Nxe2+ 10. Qxe2 Qa5 11. Be1 Qb6 12. Rb1 O-O 13. Bf2 Qc6 14. Rfd1 b5 15.
Rd2 a5 16. d4 b4 17. Nd1 Bb7 18. dxc5 dxc5 19. e5 Nd5 20. Bg3 Rad8 21. c4 Ne7
22. Ne3 Qe4 23. Rbd1 Nc6 24. Ng5 Rxd2 25. Rxd2 Qb1+ 26. Rd1 Qxa2 27. Bf2 Nd4 28.
Qd2 Rd8 29. Kf1 Ba6 30. Nf3 Nc6 31. Qc2 Rxd1+ 32. Nxd1 Bxc4+ 33. Ke1 Bf8 34. Nd2
Bb5 35. Bxc5 Qd5 36. Bxf8 Qxg2 37. Ne3 Qe2# {White checkmated} 0-1

[Event "Team 45 45 League T91"]
[Site "Internet Chess Club"]
[Date "2022.01.29"]
[Round "3"]
[White "gregorgg"]
[Black "Fulmar"]
[Result "0-1"]
[WhiteElo "1377"]
[BlackElo "1273"]
[Opening "French defense"]
[ECO "C00"]
[Time "15:20:49"]
[PlyCount "94"]
[TimeControl "2700+45"]

1. e4 e6 2. Nf3 d5 3. exd5 exd5 4. d4 Bd6 5. Bd3 Ne7 6. O-O Bg4 7. h3 Bh5 8. Nc3
c6 9. Be2 Nd7 10. Ng5 Bxe2 11. Qxe2 Nf6 12. Nd1 b5 13. Ne3 O-O 14. Ng4 Ng6 15.
Nxf6+ Qxf6 16. Qh5 h6 17. Nf3 Bf4 18. Be3 Rfe8 19. Rae1 Re4 20. Nd2 Re6 21. Qd1
Qe7 22. Bxf4 Nxf4 23. Nf3 f6 24. Qd2 g5 25. Rxe6 Nxe6 26. Re1 Re8 27. c3 Qd6 28.
Qc2 Kg7 29. h4 g4 30. Nh2 h5 31. Qf5 Re7 32. Qxh5 Qf4 33. Qxg4+ Qxg4 34. Nxg4 a5
35. g3 Kg6 36. f4 Kf5 37. Ne3+ Kg6 38. Kf2 Ng7 39. g4 f5 40. g5 Nh5 41. Ng2 Re4
42. Rxe4 fxe4 43. Ke3 Kf5 44. b3 a4 45. bxa4 bxa4 46. a3 Ng7 47. Kf2 Kg4 {White
forfeits on time} 0-1

[Event "Team 45 45 League T91"]
[Site "Internet Chess Club"]
[Date "2022.01.27"]
[Round "3"]
[White "nosir"]
[Black "Kingofknights"]
[Result "0-1"]
[WhiteElo "1346"]
[BlackElo "1570"]
[Opening "Caro-Kann: exchange, Rubinstein variation"]
[ECO "D00"]
[Time "15:30:33"]
[PlyCount "122"]
[TimeControl "2700+45"]

1. d4 d5 2. Bf4 Nf6 3. e3 c5 4. c3 cxd4 5. exd4 Nc6 6. Bd3 Bg4 7. Nf3 e6 8. Nbd2
Be7 9. h3 Bh5 10. Qc2 Bg6 11. Ne5 Bxd3 12. Qxd3 O-O 13. Ndf3 Nxe5 14. Nxe5 Nd7
15. O-O Nxe5 16. Bxe5 Qb6 17. Rab1 Qa5 18. a3 b5 19. Qg3 f6 20. Bd6 Rf7 21. Bxe7
Rxe7 22. Rfe1 Qb6 23. Qh4 a5 24. Re3 Rae8 25. Rbe1 b4 26. axb4 axb4 27. Qg4 bxc3
28. bxc3 Qc6 29. f4 Kf7 30. Qh5+ Kg8 31. Qf3 g6 32. Qg4 Kf7 33. Qf3 Rc8 34. g4
Qd6 35. f5 Rce8 36. fxg6+ hxg6 37. h4 e5 38. Qg3 Re6 39. dxe5 Rxe5 40. Rxe5 Rxe5
41. Rxe5 Qxe5 42. Kf2 Qe6 43. h5 gxh5 44. Qc7+ Kg6 45. gxh5+ Kxh5 46. Qh7+ Kg5
47. Qg7+ Kf5 48. Qh7+ Ke5 49. Qh2+ Ke4 50. Qg2+ Kd3 51. Qf3+ Kc4 52. Kg3 Qe5+
53. Kf2 Qxc3 54. Qe2+ Kc5 55. Qe7+ Kc4 56. Qc7+ Kd3 57. Qg3+ Kc2 58. Qg6+ Kb2
59. Qf7 Qd4+ 60. Ke2 Kc3 61. Qc7+ Qc4+ {White resigns} 0-1

[Event "Team 45 45 League T91"]
[Site "Internet Chess Club"]
[Date "2022.01.30"]
[Round "3"]
[White "seattleblues"]
[Black "g8wrb"]
[Result "0-1"]
[WhiteElo "1263"]
[BlackElo "1274"]
[Opening "Nimzo-Indian: three knights variation"]
[ECO "E21"]
[Time "07:03:31"]
[PlyCount "48"]
[TimeControl "2700+45"]

1. d4 e6 2. Nf3 Nf6 3. c4 Bb4+ 4. Nc3 O-O 5. Qc2 b6 6. Bg5 Bb7 7. e3 Be4 8. Bd3
Bxd3 9. Qxd3 d5 10. a3 dxc4 11. Qxc4 Be7 12. O-O Nbd7 13. Rac1 Rc8 14. Qe2 c5
15. Rfd1 Nd5 16. Bxe7 Qxe7 17. Nxd5 exd5 18. dxc5 Nxc5 19. b4 Na4 20. Qa6 Nc3
21. Rd2 Ne2+ 22. Rxe2 Rxc1+ 23. Re1 Rxe1+ 24. Nxe1 d4 {White resigns} 0-1